 Dungeon Crawl Stone Soup version 0.31-a0-1620-gcbf77bbcfc (webtiles) character file.

Game seed: 16125816734633529501

81 zenocrate the Sneak (level 4, -2/21 HPs)
             Began as a Vine Stalker Enchanter on Jan 11, 2024.
             Slain by a gnoll
             ... wielding a +0 spear
              (6 damage)
             ... on level 2 of the Dungeon.
             The game lasted 00:02:27 (1425 turns).

zenocrate the Sneak (Vine Stalker Enchanter)        Turns: 1425, Time: 00:02:28

Health: -2/21      AC:  5    Str: 11    XL:     4   Next: 40%
Magic:  0/17       EV: 12    Int: 15    God:
Gold:   51         SH:  0    Dex: 16    Spells: 2/7 levels left

rFire   . . .        a - +1 dagger (elec)
rCold   + . .        (no shield)
rNeg    . . .        k - +2 robe {rC+}
rPois   .            r - +0 helmet
rElec   .            (no cloak)
rCorr   .            (no gloves)
SInv    .            (no boots)
Will    .....        (no amulet)
Stlth   +++          f - ring of magical power
HPRegen 1.03/turn    (no ring)
MPRegen 0.15/turn

%: guardian spirit
@: no status effects
A: fangs 2, regeneration 1, magic shield, antimagic bite, no potion heal 2
a: no special abilities


You were on level 2 of the Dungeon.
You visited 1 branch of the dungeon, and saw 2 of its levels.

You collected 51 gold pieces.

Inventory:

Hand Weapons
 a - a +1 dagger of electrocution (weapon)
 b - a +4 short sword
 p - a +1 dagger
Missiles
 j - 5 datura-tipped darts (quivered)
Armour
 k - a +2 robe of cold resistance (worn)
 r - a +0 helmet (worn)
Jewellery
 f - a ring of magical power (left hand)
 q - a ring of ice
Scrolls
 d - 2 scrolls of revelation
 g - 2 scrolls of immolation
 o - 2 scrolls of fear
Potions
 c - 2 potions of invisibility
 e - 3 potions of curing {unknown}
 h - a potion of degeneration {unknown}
 i - a potion of ambrosia {unknown}
 l - a potion of magic {unknown}
 m - a potion of heal wounds {unknown}
 n - a potion of mutation {unknown}


   Skills:
 + Level 1.6 Short Blades
 + Level 2.2 Dodging
 + Level 4.2 Stealth
 - Level 2.1 Spellcasting
 * Level 3.8 Hexes
 + Level 1.0 Ice Magic


You had 2 spell levels left.
You knew the following spells:

 Your Spells              Type           Power      Damage    Failure   Level
a - Ensorcelled Hibernat  Hex/Ice        16%        N/A       12%         2
b - Confusing Touch       Hex            13%        N/A       14%         3

Your spell library contained the following spells:

 Spells                   Type           Power      Damage    Failure   Level
 Tukima's Dance           Hex            13%        N/A       14%         3
 Dazzling Flash           Conj/Hex       14%        N/A       30%         3
 Stone Arrow              Conj/Erth      2%         3d7       54%         3
 Animate Armour           Summ/Erth      2%         N/A       91%         4
 Lehudib's Crystal Spear  Conj/Erth      0%         10d2      100%        8


Dungeon Overview and Level Annotations

Branches:
Dungeon (2/15)

Altars:

Shops:
D:1 [


Innate Abilities, Weirdness & Mutations

You have extremely sharp teeth.
Your natural rate of healing is unusually fast.
When hurt, damage is shared between your health and your magic reserves.
Your bite disrupts and absorbs the magic of your enemies.
Potions cannot restore your health.


Message History

The gnoll resists with some effort.
The gnoll misses you. The gnoll barely misses you.
Unknown command.
Casting: Ensorcelled Hibernation (safe; 12% risk of failure)
Confirm with . or Enter, or press ? or * to list all spells.
Aiming: Ensorcelled Hibernation (safe; 12% risk of failure)
Press: ? - help, Shift-Dir - straight line, f/p - gnoll
Aim: a gnoll, wielding a +0 whip (chance to affect: 50%)
The gnoll resists with some effort.
The gnoll hits you with a +0 whip.
The gnoll hits you from afar with a +0 spear.
Unknown command.
You hit the gnoll. You bite the gnoll. You drain its power.
You feel invigorated.
The gnoll is lightly wounded.
The gnoll hits you with a +0 whip.
Casting: Ensorcelled Hibernation (safe; 12% risk of failure)
Confirm with . or Enter, or press ? or * to list all spells.
Aiming: Ensorcelled Hibernation (safe; 12% risk of failure)
Press: ? - help, Shift-Dir - straight line, f/p - gnoll
Aim: a gnoll, wielding a +0 whip (lightly wounded, chance to affect: 50%)
The gnoll resists with some effort.
The gnoll closely misses you. The gnoll hits you with a +0 whip!
Unknown command.
You closely miss the gnoll.
The gnoll is lightly wounded.
The gnoll hits you from afar with a +0 spear.
* * * LOW HITPOINT WARNING * * *
Unknown command.
The gnoll attacks as it pursues you! The gnoll closely misses you.
The gnoll attacks as it pursues you! The gnoll misses you.
Unknown command.
You hit the gnoll. You bite the gnoll.
You kill the gnoll!
The gnoll hits you from afar with a +0 spear.
* * * LOW HITPOINT WARNING * * *
Unknown command.
Unknown command.
The gnoll attacks as it pursues you!
The gnoll hits you from afar with a +0 spear!
You die...

#.# ....#.# #.#
#.# ..# #.# #.#
.. # #.# #.# #.#
#.# #
#.######.####
#....@.......
###......###.
#g####.# #)# #
######)####:###
...............#
#######.........
........#.#
#.#.........


You could see a gnoll.

Vanquished Creatures
  Robin (D:2)
  2 gnolls (D:2)
  4 giant cockroaches
  17 goblins
  7 hobgoblins
  5 kobolds (D:1)
  A quokka (D:1)
  3 ball pythons (D:1)
  A bat (D:1)
  2 frilled lizards
  6 rats (D:1)
49 creatures vanquished.

Notes
Turn   | Place    | Note
-------+----------+-------------------------------------------
     0 | D:1      | zenocrate the Vine Stalker Enchanter began the quest for
                  | the Orb.
     0 | D:1      | Reached XP level 1. HP: 9/9 MP: 4/4
   104 | D:1      | Reached skill level 1 in Short Blades
   342 | D:1      | Reached XP level 2. HP: 13/13 MP: 6/6
   356 | D:1      | Learned a level 2 spell: Ensorcelled Hibernation
   490 | D:1      | Found a faded altar of an unknown god.
   647 | D:1      | Reached XP level 3. HP: 16/16 MP: 7/7
   651 | D:1      | Learned a level 3 spell: Confusing Touch
   681 | D:1      | Reached skill level 4 in Stealth
   829 | D:1      | Found Enech's Armour Shop.
  1194 | D:2      | Noticed Robin
  1229 | D:2      | Killed Robin
  1236 | D:2      | Reached XP level 4. HP: 21/21 MP: 5/8
  1417 | D:2      | Reached skill level 1 in Ice Magic
  1425 | D:2      | Slain by a gnoll

Illustrated notes

Levels and vault maps discovered:
D:1:      elethiomel_arrival_infinity_welcomes_careful_drivers, layout_rooms,
          hellmonk_ecumenical_altar_zigzags, serial_shops, shop,
          minmay_hedge_maze
D:2:      layout_basic, uniq_robin, uniq_sigmund

Skill      XL: |  1  2  3  4 |
---------------+-------------+-----
Short Blades   | 1 |  1.6
Stealth        | 4 |  4.2
Dodging        | 2 |  2.2
Ice Magic      | 1 |  1.0
Spellcasting   | |  2.1
Hexes          | |  3.8

Action                     |  1- 3 |  4- 6 || total
---------------------------+-------+-------++-------
  Melee: Dagger            |    76 |     9 ||    85
         Bite              |    22 |     4 ||    26
         Punch             |     3 |       ||     3
         Short sword       |    31 |       ||    31
   Cast: Ensorcelled Hiber |    10 |     7 ||    17
    Use: Scroll            |     2 |     1 ||     3
   Stab: Sleeping          |     5 |     2 ||     7
 Armour: Robe              |    54 |    12 ||    66
  Dodge: Dodged            |    87 |    13 ||   100

Table legend: (Time is in decaauts)
 A = Elapsed time spent in this place.
 B = Non-inter-level travel time spent in this place.
 C = Inter-level travel time spent in this place.
 D = Time resting spent in this place.
 E = Time spent auto-exploring this place.
 F = Levels seen in this place.
 G = Mean time per level.
                   A        B        C        D        E       F      G
               +--------+--------+--------+--------+--------+-----+--------+
         Total |   1416 |   1392 |     24 |      2 |   1059 |   2 |  708.0 |
       Dungeon |   1416 |   1392 |     24 |      2 |   1059 |   2 |  708.0 |
               +--------+--------+--------+--------+--------+-----+--------+

Top non-repeatable levels by time:
     D:1: 1028 daAuts
     D:2: 387 daAuts
